 Dungeon Crawl Stone Soup version 0.32-a0-694-g5251a91 (webtiles) character file.

Game seed: 10015011613994492179

7126 Toastz the Cleaver (level 11, -2/86 HPs)
             Began as a Coglin Berserker on Mar 12, 2024.
             Was an Elder of Trog.
             Slain by an orc warrior
             ... wielding a +0 glaive
              (11 damage)
             ... on level 9 of the Dungeon.
             The game lasted 00:16:52 (8174 turns).

Toastz the Cleaver (Coglin Berserker)               Turns: 8174, Time: 00:16:53

Health: -2/86      AC: 14    Str: 23    XL:     11   Next: 10%
Magic:  11/11      EV: 15    Int:  3    God:    Trog [****..]
Gold:   1478       SH:  0    Dex: 16    Spells: 10/10 levels left

rFire   + + .        a - +0 war axe {Feng}
rCold   . . .        E - +0 war axe {Chakide}
rNeg    . . .        I - +0 acid dragon scales
rPois   .            (no helmet)
rElec   .            n - +1 cloak
rCorr   +            b - +1 pair of gloves "Ojeokurr" {*Slow rF++ Int-3 Dex+3}
SInv    .            l - +1 pair of boots
Will    .....        (amulet unavailable)
Stlth   +            (ring unavailable)
HPRegen 0.34/turn    (ring unavailable)
MPRegen 0.12/turn    (no gizmo)

%: slow self (1%)
@: about to teleport, on berserk cooldown, studying Dodging, revved
A: off-hand wielding, slow wielding, warmup strikes, no jewellery
a: Invent Gizmo, Renounce Religion, Berserk, Trog's Hand, Brothers in Arms


You were on level 9 of the Dungeon.
You worshipped Trog.
Trog was greatly pleased with you.
You visited 2 branches of the dungeon, and saw 10 of its levels.

You collected 1526 gold pieces.
You spent 48 gold pieces at shops.

Inventory:

Hand Weapons
 a - a +0 war axe (weapon) {Feng}
 E - a +0 war axe (offhand) {Chakide}
Missiles
 j - 21 poisoned darts (quivered)
 k - 3 curare-tipped darts
 p - 5 javelins
 r - 6 silver javelins
 C - 11 boomerangs
 G - 2 throwing nets
Armour
 b - the +1 pair of gloves "Ojeokurr" (worn) {*Slow rF++ Int-3 Dex+3}
   (You acquired it on level 3 of the Dungeon)

   Int-3:     It affects your intelligence (-3).
   Dex+3:     It affects your dexterity (+3).
   rF++:      It greatly protects you from fire.
   *Slow:     It may slow you when you take damage.
 d - a +0 plate armour
 l - a +1 pair of boots (worn)
 n - a +1 cloak (worn)
 I - +0 acid dragon scales (worn)
Wands
 y - a wand of light (10)
 z - a wand of flame (11)
 D - a wand of mindburst (14)
 F - a wand of charming (13)
Scrolls
 c - 5 scrolls of teleportation
 e - 2 scrolls of amnesia
 g - 3 scrolls of fog
 h - a scroll of vulnerability {unknown}
 m - 3 scrolls of immolation
 u - a scroll of fear
 A - a scroll of brand weapon
 H - a scroll of enchant weapon {unknown}
Potions
 f - a potion of might
 i - a potion of mutation
 q - 5 potions of curing {unknown}
 s - a potion of magic {unknown}
 v - a potion of heal wounds {unknown}
 w - a potion of attraction
 x - a potion of haste {unknown}
 B - a potion of berserk rage {unknown}


   Skills:
 + Level 8.3 Fighting
 * Level 11.3 Axes
 + Level 7.3 Armour
 + Level 7.8 Dodging


You had 10 spell levels left.
You didn't know any spells.
Your spell library contained the following spells:

 Spells                   Type           Power      Damage    Failure   Level
 Foxfire                  Conj/Fire      0%         2x1d4     58%         1
 Magic Dart               Conj           0%         1d3       58%         1
 Shock                    Conj/Air       0%         1d3       58%         1
 Slow                     Hex            0%         N/A       58%         1
 Searing Ray              Conj           0%         2d4       75%         2
 Call Canine Familiar     Summ           0%         N/A       92%         3
 Confusing Touch          Hex            0%         N/A       92%         3
 Sigil of Binding         Hex            0%         N/A       92%         3
 Swiftness                Air            0%         N/A       92%         3
 Vampiric Draining        Necr           0%         2d6       92%         3
 Airstrike                Air            0%         2d(0-16)  100%        4
 Animate Armour           Summ/Erth      0%         N/A       100%        4
 Dimensional Bullseye     Hex/Tloc       0%         N/A       100%        4
 Fulminant Prism          Conj/Alch      0%         3d5       100%        4
 Passage of Golubria      Tloc           0%         N/A       100%        4
 Sticky Flame             Fire/Alch      0%         2d4       100%        4
 Silence                  Hex/Air        0%         N/A       100%        5
 Plasma Beam              Fire/Air       0%         2x1d10    100%        6
 Starburst                Conj/Fire      0%         6d3       100%        6
 Malign Gateway           Summ/Tloc      0%         N/A       100%        7
 Lehudib's Crystal Spear  Conj/Erth      0%         10d2      100%        8


Dungeon Overview and Level Annotations

Branches:
Dungeon (9/15)             Temple (1/1) D:6            Lair (0/5) D:8
    Orc: D:9-12

Altars:
Ashenzari
Cheibriados
Dithmenos
Elyvilon
Fedhas
Gozag
Hepliaklqana
Makhleb
Nemelex Xobeh
Okawaru
Qazlal
Ru
Sif Muna
Trog
Uskayaw
Vehumet
Wu Jian
Yredelemnul
The Shining One

Shops:
D:1 [[[:   D:4 (*


Innate Abilities, Weirdness & Mutations

You can wield a second weapon in your off-hand.
It takes a long time for you to wield or remove held weapons.
Your first few attacks do less damage.
You cannot equip rings or amulets.


Message History

An orc comes into view. It is wielding a +0 club.
The orc warrior closely misses you.
The orc shouts!
You slash the orc warrior with your +0 war axe!
The orc warrior is heavily wounded.
You hit the orc warrior but do no damage.
You hear a shout!
The orc warrior hits you with a +0 short sword!
You hit the orc warrior but do no damage.
The orc warrior is heavily wounded.
You hit the orc warrior with your +0 war axe.
The orc warrior hits you but does no damage.
The orc warrior closely misses you.
The orc warrior hits you from afar with a +0 glaive!
The orc warrior closely misses you.
You hit the orc warrior but do no damage.
The orc warrior is heavily wounded.
You closely miss the orc warrior with your +0 war axe.
You feel yourself speed up. The orc warrior misses you.
The orc warrior hits you from afar with a +0 glaive.
You hit the orc warrior but do no damage.
The orc warrior is heavily wounded.
You hit the orc warrior but do no damage.
The orc warrior hits you but does no damage.
The orc warrior closely misses you.
You slash the orc warrior with your +0 war axe!
You kill the orc warrior!
Trog accepts your kill.
An orc comes into view. It is wielding a +0 club.
The orc warrior hits you from afar with a +0 glaive!!
* * * LOW HITPOINT WARNING * * *
Items here: ( ) [ †.
Found a hand axe.
Items here: )) ††.
As you read the scroll of teleportation, it crumbles to dust.
You feel strangely unstable.
An orc comes into view. It is wielding a +0 flail.
The orc warrior hits you from afar with a +0 glaive!
You die...

#... ....)...
#...........
#..........
#....#....#
#.o...#....#
#..........#
#..#o#.....# #
#..#o#.@)..# .#
#..#.#)†)..#####.#
#...)o†.†........#
####...).#........#
..#..).)...##.......#
............#........#
..............#####..#
#............## ##.#
#.............##+##..#


You could see an orc warrior and an orc (wandering).

Vanquished Creatures
  Harold (D:9)
  Maggie (D:9)
  A troll (D:7)
  7 yaks
  Sigmund (D:3)
  A wraith (D:9)
  Eustachio (D:5)
  A basilisk (D:8)
  4 wyverns (D:8)
  A steam dragon (D:8)
  Edmund (D:5)
  3 water moccasins (D:8)
  3 orc warriors
  An ice beast (D:6)
  A sky beast (D:6)
  An ogre (D:7)
  A black bear (D:6)
  7 centaurs
  3 phantoms
  2 kobold brigands
  A gnoll sergeant (D:8)
  5 bullfrogs
  A scorpion (D:5)
  5 wights (D:7)
  3 howler monkeys (D:9)
  3 hounds
  3 bombardier beetles
  A jelly (D:6)
  A gnoll bouda (D:6)
  3 orc priests
  2 sleepcaps
  4 iguanas
  5 orc wizards
  18 gnolls
  5 adders
  A shadow imp (D:7)
  2 ribbon worms
  4 dart slugs
  26 orcs
  5 ball pythons
  5 bats
  4 endoplasms
  2 giant cockroaches
  2 goblins
  8 hobgoblins
  17 kobolds
  3 frilled lizards
  5 rats
  A spectral orc (D:5)
187 creatures vanquished.

Notes
Turn   | Place    | Note
-------+----------+-------------------------------------------
     0 | D:1      | Toastz the Coglin Berserker began the quest for the Orb.
     0 | D:1      | Reached XP level 1. HP: 18/18 MP: 1/1
    98 | D:1      | Found Edyj's Book Emporium.
   162 | D:1      | Reached XP level 2. HP: 24/24 MP: 2/2
   340 | D:1      | Found Ocaozxuk's Armour Boutique.
   744 | D:1      | Found Weiffanu's Armour Boutique.
   813 | D:1      | Found Gitat Jatrit's Antique Armour Shoppe.
  1203 | D:2      | Reached XP level 3. HP: 29/29 MP: 3/3
  1302 | D:2      | Got Kyfrol's Handbook of the Prime Gathering
  1510 | D:2      | Found a faded altar of an unknown god.
  2066 | D:3      | Reached ** piety under Trog
  2265 | D:3      | Noticed Sigmund
  2274 | D:3      | Killed Sigmund
  2275 | D:3      | Reached skill level 4 in Axes
  2275 | D:3      | Reached XP level 4. HP: 37/37 MP: 4/4
  2275 | D:3      | Reached XP level 5. HP: 42/42 MP: 5/5
  2649 | D:3      | Found a sparkling altar of Nemelex Xobeh.
  2652 | D:3      | Identified 2 scrolls of acquirement
  2653 | D:3      | Acquired 958 gold pieces
  2655 | D:3      | Acquired the +1 pair of gloves "Ojeokurr" {*Slow rF++ Int-3
                  | Dex+3}
  2673 | D:3      | Reached XP level 6. HP: 48/48 MP: 6/6
  2829 | D:4      | Found Plog's Assorted Antiques.
  2839 | D:4      | Bought a scroll of identify for 48 gold pieces
  2932 | D:4      | Reached skill level 5 in Axes
  3324 | D:4      | Found an opulent altar of Gozag.
  3385 | D:4      | Found Natoy's Weapon Shoppe.
  3499 | D:4      | Reached XP level 7. HP: 54/54 MP: 7/7
  3613 | D:5      | Entered Level 5 of the Dungeon
  3631 | D:5      | Found a hazy altar of Hepliaklqana.
  3744 | D:5      | Noticed Eustachio
  3796 | D:5      | Killed Eustachio
  3966 | D:5      | Reached skill level 6 in Axes
  4033 | D:5      | Noticed Edmund
  4039 | D:5      | Killed Edmund
  4040 | D:5      | Reached XP level 8. HP: 61/61 MP: 8/8
  4219 | D:5      | Reached skill level 5 in Fighting
  4744 | D:6      | Reached skill level 7 in Axes
  4970 | D:6      | Acquired a manual of Dodging
  5065 | D:6      | Reached skill level 5 in Dodging
  5065 | D:6      | Reached XP level 9. HP: 69/69 MP: 9/9
  5214 | D:6      | Found a staircase to the Ecumenical Temple.
  5426 | Temple   | Entered the Ecumenical Temple
  5619 | D:7      | Reached skill level 8 in Axes
  5619 | D:7      | Reached skill level 5 in Armour
  5946 | D:7      | Noticed a troll
  5952 | D:7      | Killed a troll
  5957 | D:7      | Reached *** piety under Trog
  6091 | D:7      | Reached skill level 9 in Axes
  6471 | D:8      | Reached XP level 10. HP: 49/79 MP: 10/10
  6675 | D:8      | Found a staircase to the Lair.
  6751 | D:8      | Reached skill level 10 in Axes
  7067 | D:8      | Reached **** piety under Trog
  7814 | D:9      | Noticed Maggie
  7825 | D:9      | Killed Maggie
  8124 | D:9      | Reached skill level 11 in Axes
  8133 | D:9      | Noticed Harold
  8142 | D:9      | Killed Harold
  8143 | D:9      | Reached XP level 11. HP: 61/86 MP: 11/11
  8174 | D:9      | Slain by an orc warrior

Illustrated notes

Levels and vault maps discovered:
D:1:      ebering_trefoil_twist, layout_loops_corners, serial_shops, shop,
          nicolae_shop_waterfront, shop_fountains, nicolae_shop_real_fake_doors,
          lemuel_flame_loot_1
D:2:      layout_basic, shapermc_ecumenical_altar_mp_vishouse
D:3:      layout_basic, nicolae_overflow_hidden_temple, uniq_sigmund
D:4:      layout_cave_pods, nicolae_gozag_seed_capital, serial_shops, shop,
          nicolae_shop_trees
D:5:      layout_gridville, nicolae_hepliaklqana_monster_ancestors, uniq_edmund,
          uniq_eustachio
D:6:      layout_basic, minmay_temple_entry_enclosed_plants, st_stairs_6
D:7:      layout_basic
D:8:      layout_gridville, minmay_lair_entry_grove
D:9:      layout_basic, mainiacjoe_overflow_six_doors_small, zin_statuary,
          tgw_kikubaaqudgha, david_orc_5, kennysheep_big_empty_room,
          minmay_misc_feat_diagonals, uniq_harold, uniq_maggie
Temple:   nicolae_temple_superstar

Skill      XL: |  1  2  3  4  5  6  7  8  9 10 |
---------------+-------------------------------+-----
Armour         | 2 3 4 6 7 |  7.3
Dodging        | 2 3 5 6 7 |  7.8
Axes           | 4 5 6 7 9 11 | 11.3
Fighting       | 4 5 7 8 |  8.3

Action                     |  1- 3 |  4- 6 |  7- 9 | 10-12 || total
---------------------------+-------+-------+-------+-------++-------
  Melee: Hand axe          |    82 |    56 |   200 |    18 ||   356
         Dagger            |    38 |    11 |       |       ||    49
         Short sword       |    34 |       |       |       ||    34
         Rapier            |     5 |    10 |       |       ||    15
         Flail             |       |    44 |    73 |       ||   117
         War axe           |       |       |   135 |   247 ||   382
  Throw: Dart              |       |       |     4 |       ||     4
 Invoke: Berserk           |     1 |       |     6 |     2 ||     9
         Trog's Hand       |     1 |       |     1 |       ||     2
    Use: Scroll            |     1 |    11 |     4 |     2 ||    18
 Armour: Plate armour      |    64 |    56 |   263 |    93 ||   476
         Acid dragon scale |       |       |       |    40 ||    40
  Dodge: Dodged            |    26 |    30 |   119 |    85 ||   260

Table legend: (Time is in decaauts)
 A = Elapsed time spent in this place.
 B = Non-inter-level travel time spent in this place.
 C = Inter-level travel time spent in this place.
 D = Time resting spent in this place.
 E = Time spent auto-exploring this place.
 F = Levels seen in this place.
 G = Mean time per level.
                   A        B        C        D        E       F      G
               +--------+--------+--------+--------+--------+-----+--------+
         Total |   8267 |   7899 |    368 |   1423 |   5036 |  10 |  826.7 |
       Dungeon |   8265 |   7897 |    368 |   1423 |   5036 |   9 |  918.3 |
        Temple |      1 |      1 |      0 |      0 |      0 |   1 |    1.0 |
               +--------+--------+--------+--------+--------+-----+--------+

Top non-repeatable levels by time:
     D:8: 1482 daAuts
     D:1: 1016 daAuts
     D:5: 1003 daAuts
     D:6: 953 daAuts
     D:3: 923 daAuts
     D:2: 902 daAuts
     D:7: 798 daAuts
     D:4: 792 daAuts
     D:9: 392 daAuts
  Temple: 1 daAuts
